 Dungeon Crawl Stone Soup version 0.25.0-41-g26779e291d (webtiles) character file.

Game seed: 17632033119692947596

117 Ethylacetat the Changer (level 5, -10/33 HPs)
             Began as an Octopode Transmuter on July 10, 2020.
             Killed by divine providence
             ... invoked by an orc priest
              (13 damage)
             ... on level 3 of the Dungeon.
             The game lasted 00:05:43 (2541 turns).

Ethylacetat the Changer (Octopode Transmuter)       Turns: 2541, Time: 00:05:44

Health: -10/33     AC:  1    Str: 10    XL:     5   Next: 1%
Magic:  9/9        EV: 13    Int: 16    God:
Gold:   98         SH:  0    Dex: 12    Spells: 9/10 levels left

rFire    . . .     SeeInvis .     - Unarmed
rCold    . . .     Gourm    .   (no shield)
rNeg     . . .     Faith    .   (helmet restricted)
rPois    .         Spirit   .   (no amulet)
rElec    .         Reflect  .   (no ring)
rCorr    .         Harm     .   (no ring)
MR       .....                  (no ring)
Stlth    ++........             (no ring)
HPRegen  0.11/turn              (no ring)
MPRegen  0.11/turn              (no ring)
                                (no ring)
                                (no ring)

@: no status effects
A: almost no armour, stealthy swim, amphibious, 8 rings, constrict 8, camouflage
1, gelatinous body 1
a: no special abilities


You were on level 3 of the Dungeon.
You were not hungry.

You visited 1 branch of the dungeon, and saw 3 of its levels.

You collected 98 gold pieces.

Inventory:

Missiles
 a - 35 arrows
Wands
 k - a wand of acid (8)
Scrolls
 d - 2 scrolls of remove curse {unknown}
 g - 2 scrolls of enchant armour {unknown}
 h - 2 scrolls of amnesia {unknown}
 j - a scroll of teleportation {unknown}
Potions
 b - a potion of mutation {unknown}
 e - 2 potions of haste {unknown}
 f - 3 potions of curing {unknown}
Comestibles
 c - 9 rations
 i - 2 chunks of flesh


   Skills:
 - Level 1.0 Fighting
 - Level 2.0 Dodging
 - Level 3.0 Unarmed Combat
 + Level 3.0 Spellcasting
 * Level 4.2 Transmutations


You had 9 spell levels left.
You knew the following spells:

 Your Spells              Type           Power        Failure   Level  Hunger
a - Beastly Appendage     Tmut           ###...       3%          1    #......

Your spell library contained the following spells:

 Spells                   Type           Power        Failure   Level  Hunger
 Sticks to Snakes         Tmut           ###.....     4%          2    ##.....
 Spider Form              Tmut/Pois      #.........   24%         3    ###....
 Ice Form                 Ice/Tmut       #.......     61%         4    #####..
 Blade Hands              Tmut           ###.......   65%         5    ######.


Dungeon Overview and Level Annotations

Branches:
Dungeon (3/15)

Altars:
Ashenzari
Cheibriados
Makhleb
Nemelex Xobeh


Innate Abilities, Weirdness & Mutations

You cannot wear most types of armour.
You are very stealthy in the water. (Stealth+)
You are amphibious.
You can wear up to eight rings at the same time.
You can use your tentacles to constrict eight enemies at once.
Your skin changes colour to match your surroundings (Stealth+).
Your rubbery body absorbs attacks. (AC +1, EV +1)


Message History

You tentacle-slap the orc wizard.
The orc wizard is almost dead.
You constrict the orc wizard.
You kill the orc wizard!
Your Spellcasting skill increases to level 3!
You have reached level 5!
You feel clever.
Casting: Beastly Appendage (safe; 3% risk of failure)
Confirm with . or Enter, or press ? or * to list all spells.
You don't know that spell.
You tentacle-slap the orc but do no damage.
Your grab misses the orc.
Your tentacle spike disappears.
The orc priest invokes the aid of Beogh against you.
Beogh smites you!
* * * LOW HITPOINT WARNING * * *
The orc priest miscasts a cantrip.
The orc priest invokes the aid of Beogh against you.
Beogh smites you!
You die...

#....).....+ ..# #.#
#..........# #.# #.#
#...)......# #.# #.#
##..........###.# #.#
##...##.......##.# #.#
###.≈≈≈.....###.##.####.#
#..≈≈≈≈≈....###.##......###
##.#o≈.≈≈...................
#...≈≈≈≈≈..@................
##)##o≈≈.....###.###########
#.###o#.....# #+#
#####'#####.....#
#....o..........#
#...............#
#........######## ####.....#
# #...o.# .#


You could see an orc priest and 2 orcs.

Vanquished Creatures
  An orc wizard (D:3)
  2 adders (D:2)
  An ooze (D:2)
  2 worms
  2 dart slugs
  2 leopard geckos
  6 bats
  6 giant cockroaches
  7 hobgoblins
  A quokka (D:2)
  A ball python (D:1)
  4 frilled lizards
  7 goblins
  6 kobolds
  7 rats
55 creatures vanquished.

Notes
Turn   | Place    | Note
-------+----------+-------------------------------------------
     0 | D:1      | Ethylacetat the Octopode Transmuter began the quest for the
                  | Orb.
     0 | D:1      | Reached XP level 1. HP: 13/13 MP: 3/3
   103 | D:1      | Reached XP level 2. HP: 11/18 MP: 3/5
   781 | D:1      | Reached skill level 3 in Transmutations
   974 | D:1      | Reached XP level 3. HP: 23/23 MP: 4/6
  1055 | D:2      | Found a burning altar of Makhleb.
  1558 | D:2      | Found a shattered altar of Ashenzari.
  1705 | D:2      | Reached XP level 4. HP: 19/28 MP: 8/8
  2092 | D:3      | Found a sparkling altar of Nemelex Xobeh.
  2364 | D:3      | Found a snail-covered altar of Cheibriados.
  2484 | D:3      | Reached skill level 4 in Transmutations
  2532 | D:3      | Reached XP level 5. HP: 15/33 MP: 9/9
  2541 | D:3      | Killed from afar by an orc priest

Illustrated notes

Levels and vault maps discovered:
D:1:      psy_arrival_statuary, layout_basic
D:2:      layout_rooms, ashenzari_conservatory_becter,
          nicolae_overflow_crystal_walls, first_ration
D:3:      layout_basic, kennysheep_slug_shrine, overflow_temple_1_default

Skill      XL: |  1  2  3  4 |
---------------+-------------+-----
Transmutations | 3 4 |  4.2
Spellcasting   | 3 |  3.0
Fighting       | |  1.0
Dodging        | |  2.0
Unarmed Combat | |  3.0

Action                   |  1- 3 |  4- 6 || total
-------------------------+-------+-------++-------
Melee: Unarmed           |    83 |    42 ||   125
       Constrict         |    25 |    11 ||    36
       Kick              |    14 |     9 ||    23
       Tentacles         |     9 |     1 ||    10
       Punch             |     1 |     2 ||     3
 Cast: Beastly Appendage |    22 |    12 ||    34
 Stab: Sleeping          |     4 |     3 ||     7
  Eat: Chunk             |     3 |     2 ||     5
Armor: Skin              |    10 |     5 ||    15
Dodge: Dodged            |    56 |    21 ||    77
